 Dungeon Crawl Stone Soup version 0.20.2-3-g29329e0561 (webtiles) character file.

1921 Alfie the Cutter (level 9, -5/78 HPs)
             Began as a Hill Orc Fighter on Aug 29, 2023.
             Slain by an ogre
             ... wielding a +0 giant club
              (20 damage)
             ... on level 5 of the Dungeon.
             The game lasted 00:10:29 (4033 turns).

Alfie the Cutter (Hill Orc Fighter)                 Turns: 4033, Time: 00:10:30

Health: -5/78      AC:  8    Str: 22    XL:     9   Next: 17%
Magic:  9/9        EV:  9    Int:  8    God:
Gold:   344        SH: 10    Dex: 10    Spells: 8/8 levels left

rFire    . . .     SeeInvis .   a - +0 rapier
rCold    . . .     Gourm    .   c - +0 shield
rNeg     . . .     Faith    .   b - +1 scale mail
rPois    +         Spirit   .   (no helmet)
rElec    .         Reflect  .   (no cloak)
rCorr    .         Harm     .   (no gloves)
MR       .....                  (no boots)
Stlth    ..........             (no amulet)
Regen    0.3/turn               o - ring of poison resistance
MPRegen  0.2/turn               (no ring)

@: no status effects
A: no striking features
a: no special abilities


You were on level 5 of the Dungeon.
You were not hungry.

You visited 1 branch of the dungeon, and saw 5 of its levels.

You collected 344 gold pieces.

Inventory:

Hand Weapons
 a - a +0 rapier (weapon)
Missiles
 j - 3 exploding tomahawks (quivered)
 p - 8 tomahawks
Armour
 b - a +1 scale mail (worn)
 c - a +0 shield (worn)
Jewellery
 o - a ring of poison resistance (left hand)
Wands
 d - a wand of random effects (38/48)
 t - a wand of random effects (17/48)
 v - a wand of random effects (16/48)
Scrolls
 e - 2 scrolls of magic mapping
 f - a scroll of amnesia {unknown}
 h - 3 scrolls of identify
 u - a scroll of recharging {unknown}
Potions
 k - a potion of berserk rage
 l - 2 potions of agility {unknown}
 n - a potion of experience {unknown}
 q - 2 potions of resistance {unknown}
 s - a potion of brilliance {unknown}
Comestibles
 i - 2 meat rations
 m - a royal jelly


   Skills:
 + Level 6.6 Fighting
 + Level 7.6 Short Blades
 + Level 5.9 Armour
 + Level 2.1 Dodging
 + Level 0.3 Stealth
 + Level 6.9 Shields


You had 8 spell levels left.
You didn't know any spells.

Dungeon Overview and Level Annotations

Branches:
Dungeon (5/15)
 Temple: D:4-7

Altars:
Cheibriados
Fedhas
Nemelex Xobeh
Okawaru
Qazlal
Ru
Trog
Xom
The Shining One


Message History

There is an open door here.
An ogre comes into view. It is wielding a giant club.
The ogre shouts!
You block the ogre's attack.
You puncture the ogre!
The ogre is heavily wounded.
You block the ogre's attack.
You hit the ogre but do no damage.
The ogre is heavily wounded.
The ogre hits you with a giant club!
You hit the ogre but do no damage.
The ogre is moderately wounded.
Your shield and scale mail prevent you from hitting the ogre.
The ogre is moderately wounded.
The ogre hits you with a giant club!
* * * LOW HITPOINT WARNING * * *
You closely miss the ogre.
The ogre is moderately wounded.
The ogre hits you with a giant club!!
You die...

..........#
..........# ###
..........### ## ..#
............ .. ...
..........# #. ..
#.........# #.#.#
..........# #... #
#.........# #.O###.#
#####.....## #.@....#
# ##.......##
##..#### #
#.........####...##
..'.........'.......#
###.........####...##
##.......## ...##
##.....## ####
##...## ##+##


You could see an ogre.

Vanquished Creatures
  The ghost of Alfie the Covered, a novice HOFi (D:5)
  The ghost of Alfie the Covered, a novice HOFi (D:4)
  The ghost of Alfie the Skirmisher, an amateur HOFi (D:3)
  Edmund (D:4)
  2 sky beasts (D:5)
  An ogre (D:5)
  A phantom (D:5)
  A scorpion (D:5)
  A howler monkey (D:4)
  2 orc wizards
  2 bullfrog skeletons (D:4)
  2 hounds
  An iguana (D:4)
  Natasha (thrice) (D:3)
  2 worker ants (D:4)
  A howler monkey skeleton (D:3)
  4 gnolls (D:5)
  8 adders
  2 oozes (D:3)
  An adder skeleton (D:5)
  4 worms
  5 dart slugs
  4 leopard geckos
  14 orcs
  10 bats
  7 giant cockroaches
  9 goblins
  10 hobgoblins
  6 jackals
  3 quokkas
  2 ball pythons
  6 frilled lizards
  2 jackal skeletons
  6 kobolds
  8 rats
134 creatures vanquished.

Notes
Turn   | Place    | Note
-------+----------+-------------------------------------------
     0 | D:1      | Alfie the Hill Orc Fighter began the quest for the Orb.
     0 | D:1      | Reached XP level 1. HP: 19/19 MP: 1/1
   128 | D:1      | Reached XP level 2. HP: 25/27 MP: 2/2
   518 | D:1      | Reached XP level 3. HP: 25/33 MP: 3/3
  1393 | D:2      | Reached XP level 4. HP: 37/40 MP: 4/4
  1431 | D:2      | Reached skill level 3 in Short Blades
  1920 | D:3      | Reached XP level 5. HP: 25/46 MP: 5/5
  1967 | D:3      | Found a glowing golden altar of the Shining One.
  2024 | D:3      | Noticed Natasha
  2042 | D:3      | Killed Natasha
  2183 | D:3      | Noticed Alfie's ghost (amateur HOFi)
  2199 | D:3      | Killed Alfie's ghost
  2199 | D:3      | Reached skill level 4 in Short Blades
  2199 | D:3      | Reached skill level 1 in Dodging
  2199 | D:3      | Reached XP level 6. HP: 10/53 MP: 6/6
  2298 | D:3      | Noticed Natasha
  2304 | D:3      | Killed Natasha
  2380 | D:3      | Found a sacrificial altar of Ru.
  2492 | D:3      | Noticed Natasha
  2509 | D:3      | Killed Natasha
  2509 | D:3      | Reached XP level 7. HP: 17/60 MP: 7/7
  2727 | D:4      | Reached skill level 5 in Short Blades
  2810 | D:4      | Found a blossoming altar of Fedhas.
  2849 | D:4      | Reached skill level 5 in Shields
  2873 | D:4      | Noticed Edmund
  2874 | D:4      | Noticed Alfie's ghost (novice HOFi)
  2889 | D:4      | Killed Edmund
  2889 | D:4      | Reached skill level 5 in Fighting
  2898 | D:4      | Killed Alfie's ghost
  2898 | D:4      | Reached skill level 6 in Short Blades
  2898 | D:4      | Reached skill level 5 in Armour
  2898 | D:4      | Reached XP level 8. HP: 29/69 MP: 8/8
  3074 | D:4      | Found a snail-covered altar of Cheibriados.
  3224 | D:4      | Found an iron altar of Okawaru.
  3451 | D:5      | Entered Level 5 of the Dungeon
  3487 | D:5      | Found a shimmering altar of Xom.
  3758 | D:5      | Found a stormy altar of Qazlal.
  3885 | D:5      | Found a sparkling altar of Nemelex Xobeh.
  3896 | D:5      | Reached skill level 7 in Short Blades
  3923 | D:5      | Found a bloodstained altar of Trog.
  3923 | D:5      | Noticed Alfie's ghost (novice HOFi)
  3981 | D:5      | Killed Alfie's ghost
  3981 | D:5      | Reached XP level 9. HP: 43/78 MP: 9/9
  4033 | D:5      | Slain by an ogre

Skill      XL: |  1  2  3  4  5  6  7  8 |
---------------+-------------------------+-----
Fighting       | 4 5 6 |  6.6
Short Blades   | 3 4 6 7 |  7.6
Armour         | 4 5 |  5.9
Shields        | 4 6 |  6.9
Dodging        | 1 2 |  2.1
Stealth        | |  0.3

Action                   |  1- 3 |  4- 6 |  7- 9 || total
-------------------------+-------+-------+-------++-------
Melee: Rapier            |   121 |   258 |   269 ||   648
  Use: Scroll            |       |     2 |     4 ||     6
       Potion            |       |     2 |     4 ||     6
  Eat: Bread ration      |     1 |       |     1 ||     2
       Fruit             |       |     2 |     5 ||     7
Armor: Scale mail        |    53 |    95 |    85 ||   233
Dodge: Dodged            |    30 |    56 |    87 ||   173
Block: Shield            |    68 |   116 |   128 ||   312
